AoeStats
← sokaa

Arabia

516886704Analyzed
1v1 RM · 19d ago on Oct 28, 2026· 45m 26s· 2 players
Game mode
Random Map
Map size
Tiny (2 player)
Population
200
Speed
Normal
Resources
Standard
Victory
Conquest
Starting age
Dark Age
Ending age
Imperial Age
RankedLock teamsTeams togetherTeam positionsShared explorationLock speedFull tech treeHidden civsTurbo modeCheats
Victory
Defeat
🇦🇷 Ethiopians · Argentina
861
+41
vs
🇨🇱 Slavs · Chile
849
-15
sokaa
4:06 Loom
10:24 Feudal Age
13:38 Double-Bit Axe
15:32 Forging
19:19 Man-at-Arms
21:49 Padded Archer Armor
21:40 Fletching
25:51 Castle Age
26:49 Bloodlines
26:54 Scale Barding Armor
27:26 Iron Casting
27:08 Horse Collar
28:10 Wheelbarrow
29:35 Elite Skirmisher
32:18 Light Cavalry
37:06 Gold Mining
37:51 Husbandry
44:23 Leather Archer Armor
Checkmate
0:27 Loom
9:39 Feudal Age
10:59 Wheelbarrow
10:28 Double-Bit Axe
11:18 Town Watch
11:20 Horse Collar
19:43 Fletching
23:57 Castle Age
22:02 Padded Archer Armor
23:32 Stone Mining
24:40 Squires
24:59 Hand Cart
25:02 Bow Saw
24:51 Bodkin Arrow
28:54 Forging
28:45 Scale Mail Armor
38:16 Imperial Age
36:18 Murder Holes
39:22 Halberdier
44:54 Chain Mail Armor
45:14 Iron Casting
Connection lost

Rejoining the realm…

Still unreachable

The connection could not be restored.

Session expired

The server has moved on; the page needs a fresh start.